 Dungeon Crawl Stone Soup version 0.26-b1-59-ge38874ec40 (webtiles) character file.

Game seed: 18443355622527299437

85277 dolemite99 the Severer (level 15, -25/129 (134) HPs)
             Began as a Minotaur Fighter on Jan 9, 2021.
             Was a High Priest of Ashenzari.
             Annihilated by a titanic slime creature (89 damage)
             ... on level 12 of the Dungeon.
             The game lasted 00:42:10 (26135 turns).

dolemite99 the Severer (Minotaur Fighter)          Turns: 26135, Time: 00:42:10

HP:   -25/129 (134) AC: 26    Str: 32    XL:     15   Next: 37%
MP:   14/14         EV:  8    Int:  5    God:    Ashenzari [*****.]
Gold: 663           SH: 19    Dex: 11    Spells: 14/14 levels left

rFire    . . .     SeeInvis +   a - +4 broad axe (venom)
rCold    . . .     Faith    .   c - +0 kite shield (curse)
rNeg     . . .     Spirit   .   Z - +0 plate armour
rPois    +         Reflect  +   (helmet restricted)
rElec    +         Harm     .   o - +2 cloak {rCorr} (curse)
rCorr    +         Rampage  .   E - +2 pair of gloves (curse)
Will     ++...     Clarity  +   R - +2 pair of boots
Stlth    ..........             y - amulet of reflection (curse)
HPRegen  0.31/turn              I - +6 ring of strength
MPRegen  0.14/turn              X - ring of Beysifis {rElec rPois Will+, =R}

@: lightly drained
A: retaliatory headbutt, horns 2
a: Renounce Religion, Curse Item, Scrying, Transfer Knowledge


You were on level 12 of the Dungeon.
You worshipped Ashenzari.
Ashenzari was extremely pleased with you.
You visited 3 branches of the dungeon, and saw 19 of its levels.

You collected 1460 gold pieces.
You spent 797 gold pieces at shops.

Inventory:

Hand Weapons
 a - a +4 broad axe of venom (weapon)
 b - the +6 falchion "Kanomezy" {freeze, +Inv rElec rN+ Dex-2}
   (You found it on level 6 of the Lair of Beasts)

   It has been specially enchanted to freeze those struck by it, causing extra
   injury to most foes and up to half again as much damage against particularly
   susceptible opponents.
   It can also slow down cold-blooded creatures.
   It affects your dexterity (-2).
   It insulates you from electricity.
   It protects you from negative energy.
   It lets you turn invisible.
Missiles
 h - 91 poisoned darts (quivered)
 n - 209 sling bullets
 u - 13 boomerangs
 H - 12 curare-tipped darts
 P - 3 atropa-tipped darts
 T - 5 throwing nets
 V - 89 arrows
 W - a javelin
Armour
 c - a cursed +0 kite shield (worn)
 o - a cursed +2 cloak of preservation (worn)
 E - a cursed +2 pair of gloves (worn)
 R - a +2 pair of boots (worn)
 Z - a +0 plate armour (worn)
Jewellery
 w - the ring of Nejuyde {Ice rPois MP+9}
   (You found it on level 6 of the Lair of Beasts)

   [ring of ice]

   It enhances your ice magic.
   It makes you vulnerable to fire.
   It protects you from cold.
   It protects you from poison.
   It affects your magic capacity (+9).
 y - a cursed amulet of reflection (around neck)
 B - an uncursed ring of fire
 I - a +6 ring of strength (left hand)
 X - the ring of Beysifis (right hand) {rElec rPois Will+, =R}
   (You found it on level 10 of the Dungeon)

   [ring of poison resistance]

   It insulates you from electricity.
   It protects you from poison.
   It affects your willpower, your defense against some magical effects.
Wands
 d - a wand of random effects (43)
 e - a wand of acid (2)
 s - a wand of flame (79)
 A - a wand of iceblast (16)
 C - a wand of disintegration (22)
 L - a wand of enslavement (4)
 N - a wand of polymorph (18)
Scrolls
 g - 3 scrolls of immolation
 i - 4 scrolls of fog
 j - 4 scrolls of remove curse {@r2}
 k - 9 scrolls of teleportation
 q - 5 scrolls of magic mapping
 t - 3 scrolls of blinking
 v - 3 scrolls of summoning
 K - 9 scrolls of identify {@r1}
 Q - 5 scrolls of fear
 U - a scroll of amnesia
Potions
 l - 8 potions of ambrosia
 p - 5 potions of lignification
 r - 8 potions of curing
 x - 9 potions of heal wounds
 z - 3 potions of flight
 D - 3 potions of might
 F - 2 potions of cancellation
 G - 2 potions of berserk rage
 M - 3 potions of brilliance
 O - 2 potions of invisibility
 S - 4 potions of resistance
 Y - 3 potions of attraction
Miscellaneous
 f - a box of beasts (inert)
 m - a box of beasts (inert)


   Skills:
 - Level 12.7 Fighting
 - Level 18.6 Axes
 - Level 9.5 Throwing
 - Level 12.7 Armour
 - Level 11.9(14.2) Shields
 + Level 9.6 Evocations


You had 14 spell levels left.
You didn't know any spells.
Your spell library contained the following spells:

 Spells                   Type           Power        Failure   Level
 Animate Skeleton         Necr           0%           97%         1
 Corona                   Hex            0%           97%         1
 Magic Dart               Conj           0%           97%         1
 Pain                     Necr           0%           97%         1
 Sandblast                Erth           0%           97%         1
 Summon Small Mammal      Summ           0%           97%         1
 Call Imp                 Summ           0%           99%         2
 Ensorcelled Hibernation  Hex/Ice        0%           99%         2
 Passwall                 Tmut/Erth      0%           99%         2
 Searing Ray              Conj           0%           99%         2
 Call Canine Familiar     Summ           0%           100%        3
 Confusing Touch          Hex            0%           100%        3
 Dazzling Flash           Conj/Hex       0%           100%        3
 Stone Arrow              Conj/Erth      0%           100%        3
 Summon Guardian Golem    Hex/Summ       0%           100%        3
 Tukima's Dance           Hex            0%           100%        3
 Vampiric Draining        Necr           0%           100%        3
 Animate Dead             Necr           0%           100%        4
 Fulminant Prism          Conj/Hex       0%           100%        4
 Iskenderun's Mystic Bla  Conj/Tloc      0%           100%        4
 Leda's Liquefaction      Hex/Erth       0%           100%        4
 Petrify                  Tmut/Erth      0%           100%        4
 Summon Ice Beast         Ice/Summ       0%           100%        4
 Summon Lightning Spire   Summ/Air       0%           100%        4
 Agony                    Necr           0%           100%        5
 Bolt of Magma            Conj/Fire/Erth 0%           100%        5
 Lee's Rapid Deconstruct  Erth           0%           100%        5
 Iron Shot                Conj/Erth      0%           100%        6
 Statue Form              Tmut/Erth      0%           100%        6
 Malign Gateway           Summ/Tloc      0%           100%        7
 Monstrous Menagerie      Summ           0%           100%        7
 Summon Greater Demon     Summ           0%           100%        7
 Summon Horrible Things   Summ           0%           100%        8
 Shatter                  Erth           0%           100%        9


Dungeon Overview and Level Annotations

Branches:
Dungeon (12/15)            Temple (1/1) D:5            Lair (6/6) D:8
 Shoals (0/4) Lair:2       Spider (0/4) Lair:2        Slime (0/5) Lair:6
    Orc (0/2) D:11

Altars:
Ashenzari
Cheibriados
Dithmenos
Elyvilon
Fedhas
Gozag
Hepliaklqana
Kikubaaqudgha
Makhleb
Nemelex Xobeh
Okawaru
Qazlal
Ru
Sif Muna
Trog
Uskayaw
Vehumet
Wu Jian
Xom
Yredelemnul
Zin
The Shining One
Beogh

Shops:
D:4 }   D:7 (

Portals:
Trove: D:12 (give +4 demon whip)

Annotations:
D:7 3 runed translucent doors, lastplaneout's ghost, novice MiFi
D:10 2 transporters, Urext's ghost, novice MiBe
D:11 1 runed translucent door
Lair:1 1 exclusion
Lair:6 2 transporters, Vicugh's ghost, journeyman GrEE


Innate Abilities, Weirdness & Mutations

You reflexively headbutt those who attack you in melee.
You have a pair of horns on your head.


Message History

Ouch! That really hurt!
You are too injured to fight recklessly!
You slash the titanic slime creature!
You headbutt the titanic slime creature!
The titanic slime creature is moderately wounded.
You barely miss the titanic slime creature.
You headbutt the titanic slime creature!
The titanic slime creature is moderately wounded.
You block the titanic slime creature's attack.
You are too injured to fight recklessly!
Your plate armour prevents you from hitting the titanic slime creature.
Your headbutt misses the titanic slime creature.
The titanic slime creature is moderately wounded.
You block the titanic slime creature's attack.
Evoke which item? (* to show all) (? for menu, Esc to quit)
You open the lid... ...and a juvenile weirdbat beast flies out!
The box is emptied!
The titanic slime creature hits you!!!!
Ouch! That really hurt!
You die...

#....(....# * * , * **#(# *
,** * #.# * , , * #)# * *
,, #)# * ,,, #.## *, ,, *
#..# , * * ##J# ,...,, , *
#@# , , #.#** , #.# #.# , ,
#H# *#.# , ,* #.####### ,,
#.# , #.#.....# {*#.# ∆ *
#.#.....# ,,,*#.# ****
#.#.....## * ##)#
#.#......##
####..##########.#.....∩.##


You could see a titanic slime creature (very poisoned) and a friendly juvenile
weirdbat beast (summoned).

Vanquished Creatures
  Nessos (Lair:5)
  Josephine (Lair:6)
  4 hydras
  Harold (D:8)
  2 boulder beetles
  Erica (D:11)
  2 two-headed ogres
  8 death yaks
  Sonja (Lair:4)
  An unseen horror (D:9)
  2 necromancers (D:11)
  2 ugly things
  A wolf spider (Lair:6)
  3 slime creatures
  4 centaur zombies (D:11)
  15 elephants
  5 black mambas
  A guardian serpent (Lair:6)
  Psyche (D:10)
  2 torpor snails (Lair:6)
  A gargoyle (D:12)
  21 cane toads
  6 rime drakes
  7 komodo dragons
  A freezing wraith (D:12)
  3 meliai (Lair:4)
  7 trolls
  2 hornets (Lair:6)
  A queen bee (Lair:4)
  12 polar bears
  20 blink frogs
  4 flying skulls (D:11)
  6 shadows (D:11)
  4 redbacks (Lair:6)
  93 yaks
  10 wyverns
  A vampire (D:10)
  9 wraiths
  3 basilisks
  A steam dragon (D:11)
  6 wargs (Lair:6)
  An acid dragon (D:12)
  14 hell hounds (Lair:6)
  28 water moccasins
  A soldier ant (D:11)
  5 ice beasts
  7 orc warriors
  8 ogres
  5 phantoms
  2 eyes of draining
  The ghost of davecave the Cudgeller, an amateur MiFi (D:3)
  6 sky beasts
  13 black bears
  2 hornet zombies
  12 centaurs
  22 wolves
  3 big kobolds
  19 bullfrogs
  7 gnoll sergeants
  2 wyvern zombies
  A wyvern skeleton (D:7)
  3 scorpions
  A troll zombie (D:11)
  20 killer bees (Lair:4)
  10 wights
  4 electric eels
  6 howler monkeys
  A bullfrog zombie (D:11)
  9 hounds
  A quasit (D:6)
  5 centaur skeletons
  3 gnoll shamans (D:9)
  9 orc priests
  Crazy Yiuf (D:3)
  9 bullfrog skeletons
  5 jellies
  11 iguanas
  11 orc wizards
  13 worker ants
  A killer bee zombie (D:8)
  5 ogre zombies (D:11)
  4 hound skeletons
  A howler monkey zombie (D:7)
  4 worker ant zombies
  35 gnolls (D:9)
  15 adders
  2 shadow imps
  A white imp (D:5)
  6 ufetubi
  An ooze (D:3)
  A worm (D:3)
  5 dart slugs
  13 leopard geckos
  43 orcs
  8 giant cockroaches
  9 hobgoblins
  11 jackals
  16 kobolds
  4 quokkas
  5 bats
  7 frilled lizards
  2 giant cockroach zombies
  6 goblins
  A goblin skeleton (D:11)
  2 goblin zombies (D:11)
  5 hobgoblin skeletons (D:11)
  A hobgoblin zombie (D:11)
  2 leopard gecko skeletons
  2 orc skeletons (D:11)
  6 orc zombies (D:11)
  4 rats
785 creatures vanquished.

Vanquished Creatures (collateral kills)
  A hydra (Lair:6)
  5 elephants (Lair:5)
  A polar bear (Lair:6)
  2 wyverns (Lair:6)
  A hell hound (Lair:6)
  A scorpion (D:11)
  An orc priest (D:11)
  A worker ant (D:9)
  A kobold (D:9)
  An orc skeleton (D:11)
  An orc zombie (D:11)
16 creatures vanquished.

Vanquished Creatures (others)
  A hornet (D:9)
  A wolf (Lair:5)
  A bullfrog (D:10)
  A howler monkey (D:9)
  An orc (D:10)
  2 kobolds (D:12)
  A bush (D:8)
  57 fungi
  109 plants
174 creatures vanquished.

Grand Total: 975 creatures vanquished

Notes
Turn   | Place    | Note
-------+----------+-------------------------------------------
     0 | D:1      | dolemite99 the Minotaur Fighter began the quest for the
                  | Orb.
     0 | D:1      | Reached XP level 1. HP: 19/19 MP: 0/0
   234 | D:1      | Reached skill level 3 in Axes
   250 | D:1      | Reached XP level 2. HP: 26/26 MP: 1/1
   426 | D:1      | Reached skill level 4 in Axes
   852 | D:1      | Reached XP level 3. HP: 31/31 MP: 2/2
   974 | D:2      | Found a stormy altar of Qazlal.
   975 | D:2      | Found a radiant altar of Vehumet.
  1112 | D:2      | Found a broken altar of Ashenzari.
  1143 | D:2      | Became a worshipper of Ashenzari the Shackled
  1203 | D:2      | Reached skill level 5 in Axes
  1450 | D:2      | Reached XP level 4. HP: 39/39 MP: 3/3
  2186 | D:3      | Reached skill level 6 in Axes
  2508 | D:3      | Reached XP level 5. HP: 30/45 MP: 4/4
  2791 | D:3      | Found a runed translucent door.
  2829 | D:3      | Noticed davecave's ghost (amateur MiFi)
  2873 | D:3      | Reached skill level 7 in Axes
  2977 | D:3      | Found a faded altar of an unknown god.
  3339 | D:3      | Found a runed translucent door.
  3340 | D:3      | Noticed Crazy Yiuf
  3347 | D:3      | Killed Crazy Yiuf
  3424 | D:3      | Killed davecave's ghost
  3425 | D:3      | Reached skill level 8 in Axes
  3425 | D:3      | Reached XP level 6. HP: 49/51 MP: 5/5
  3479 | D:4      | Found Furaawyrph's Gadget Shop.
  3496 | D:4      | Bought a wand of paralysis (5) for 91 gold pieces
  3735 | D:4      | Reached skill level 9 in Axes
  3735 | D:4      | Reached XP level 7. HP: 38/57 MP: 6/6
  3871 | D:4      | Found an opulent altar of Gozag.
  3949 | D:4      | Reached * piety under Ashenzari
  3958 | D:4      | Reached skill level 10 in Axes
  4264 | D:5      | Entered Level 5 of the Dungeon
  4493 | D:5      | Found a staircase to the Ecumenical Temple.
  4514 | Temple   | Entered the Ecumenical Temple
  4833 | D:5      | Reached skill level 11 in Axes
  5046 | D:5      | Reached XP level 8. HP: 58/64 MP: 7/7
  5746 | D:6      | Reached skill level 12 in Axes
  6263 | D:6      | Reached skill level 5 in Fighting
  6456 | D:6      | Reached skill level 5 in Armour
  6456 | D:6      | Reached skill level 5 in Shields
  6523 | D:6      | Found a burning altar of Makhleb.
  6843 | D:7      | Reached XP level 9. HP: 66/74 MP: 8/8
  6894 | D:7      | Reached ** piety under Ashenzari
  6905 | D:7      | Noticed a troll
  6938 | D:7      | Killed a troll
  7288 | D:7      | Found Wikuv's Antique Weapon Shop.
  7290 | D:7      | Found a runed translucent gate.
  7290 | D:7      | Noticed lastplaneout's ghost (novice MiFi)
  7291 | D:7      | Found a runed translucent gate.
  7293 | D:7      | Identified the +1 chain mail "Muvoty" {Will+}
  7294 | D:7      | Found a runed translucent gate.
  7299 | D:7      | Bought a broad axe for 108 gold pieces
  7301 | D:7      | Found a roughly hewn altar of Beogh.
  7400 | D:7      | Noticed a purple ugly thing
  7423 | D:7      | Killed a purple ugly thing
  7743 | D:7      | Reached XP level 10. HP: 88/88 MP: 9/9
  8285 | D:8      | Noticed Harold
  8329 | D:8      | Noticed a two-headed ogre
  8354 | D:8      | Killed a two-headed ogre
  8375 | D:8      | Killed Harold
  8405 | D:8      | Reached skill level 10 in Fighting
  8405 | D:8      | Reached skill level 10 in Armour
  8985 | D:8      | Found a staircase to the Lair.
  9123 | D:8      | Found a shimmering altar of Xom.
  9354 | D:9      | Reached skill level 1 in Evocations
  9444 | D:9      | Reached XP level 11. HP: 101/101 MP: 10/10
 10100 | D:9      | Found a hide-covered altar of Uskayaw.
 10196 | D:9      | Reached skill level 1 in Throwing
 11567 | D:10     | Entered Level 10 of the Dungeon
 11567 | D:10     | Noticed Psyche
 11569 | D:10     | Paralysed by Psyche for 3 turns
 11577 | D:10     | Killed Psyche
 11578 | D:10     | Reached skill level 5 in Evocations
 12240 | D:9      | Killed an unseen horror
 12583 | D:10     | Identified the ring of Beysifis {rElec rPois Will+}
 12693 | D:10     | Reached *** piety under Ashenzari
 12802 | D:10     | Found a transporter.
 12802 | D:10     | Noticed a two-headed ogre
 12809 | D:10     | Reached skill level 5 in Throwing
 12828 | D:10     | Found a bloodstained altar of Trog.
 12856 | D:10     | Noticed Urext's ghost (novice MiBe)
 12909 | D:10     | Found a transporter.
 13249 | D:11     | Found a runed translucent door.
 13253 | D:11     | Noticed a sphinx
 13254 | D:11     | Noticed a centaur warrior
 13304 | D:11     | Reached XP level 12. HP: 107/107 MP: 11/11
 13747 | D:11     | Noticed Erica
 13818 | D:11     | Killed Erica
 13820 | D:11     | Found a staircase to the Orcish Mines.
 13897 | D:11     | Noticed a two-headed ogre
 13919 | D:11     | Killed a two-headed ogre
 15132 | D:11     | Reached skill level 10 in Shields
 15623 | D:4      | Bought a wand of acid (8) for 312 gold pieces
 15623 | D:4      | Bought a wand of flame (12) for 91 gold pieces
 15782 | Lair:1   | Entered Level 1 of the Lair of Beasts
 15978 | Lair:1   | Reached XP level 13. HP: 107/116 MP: 12/12
 17214 | D:4      | Bought a wand of iceblast (11) for 195 gold pieces
 17452 | Lair:2   | Found a staircase to the Shoals.
 17526 | Lair:2   | Found a hole to the Spider Nest.
 17595 | Lair:2   | Found a hide-covered altar of Uskayaw.
 17595 | Lair:2   | Found an ornate altar of the Wu Jian Council.
 17604 | Lair:2   | Reached skill level 13 in Axes
 17753 | Lair:2   | Reached **** piety under Ashenzari
 18750 | Lair:3   | Reached skill level 14 in Axes
 19727 | Lair:4   | Reached skill level 15 in Axes
 20447 | Lair:4   | Noticed Sonja
 20456 | Lair:4   | Killed Sonja
 20457 | Lair:4   | Reached skill level 16 in Axes
 21086 | Lair:5   | Noticed Nessos
 21101 | Lair:5   | Reached XP level 14. HP: 120/124 MP: 13/13
 21120 | Lair:5   | Reached skill level 17 in Axes
 21154 | Lair:5   | Killed Nessos
 21774 | Lair:5   | Reached skill level 18 in Axes
 21860 | Lair:5   | Reached ***** piety under Ashenzari
 22133 | Lair:6   | Entered Level 6 of the Lair of Beasts
 22226 | Lair:6   | Noticed Josephine
 22918 | Lair:6   | Killed Josephine
 23288 | Lair:6   | Found a staircase to the Slime Pits.
 23307 | Lair:6   | Identified the ring of Nejuyde {Ice rPois MP+9}
 24043 | Lair:6   | Reached XP level 15. HP: 111/134 MP: 14/14
 24244 | Lair:6   | Got the falchion "Kanomezy" {freeze, +Inv rElec rN+ Dex-2}
 25139 | Lair:6   | Found a transporter.
 25140 | Lair:6   | Noticed Vicugh's ghost (journeyman GrEE)
 25141 | Lair:6   | Identified the cursed -1 cloak of Nisy {rPois rCorr Str+4
                  | SInv}
 25152 | Lair:6   | Found a transporter.
 25935 | D:12     | Identified the +6 falchion "Kanomezy" {freeze, +Inv rElec
                  | rN+ Dex-2} (You found it on level 6 of the Lair of Beasts)
 26058 | D:12     | Found a hazy altar of Hepliaklqana.
 26062 | D:12     | Found a portal to a secret trove of treasure.
 26135 | D:12     | Annihilated by a titanic slime creature

Illustrated notes

Levels and vault maps discovered:
D:1:      dpeg_arrival_rooms_b, layout_basic, minmay_heptomino_w4
D:2:      layout_basic, ashenzari_altar_1, gammafunk_temple_overflow_pools
D:3:      layout_rooms, chequers_ecumenical_altar_island, ebering_ghost_sewer_d,
          grunt_ministairs_10, uniq_crazy_yiuf_cottage
D:4:      minmay_chambers_of_twos, layout_loops_ring, lemuel_round_altar,
          serial_shops, nicolae_shop_temple_entry_statues_fountains,
          hangedman_decor_clover_reticule, chequers_serial_rivers_large_a,
          uniq_robin
D:5:      layout_basic, minmay_temple_entry_drinking_statues, serial_rivers,
          chequers_serial_rivers_small_b, chequers_serial_rivers_small_3,
          chequers_serial_rivers_micro_b, chequers_serial_rivers_marsh,
          chequers_serial_rivers_large_b, chequers_serial_rivers_micro_d,
          minmay_misc_feat_cross
D:6:      layout_cave_pods, lemuel_doored_altar
D:7:      cheibrodos_fzero, layout_basic, serial_shops, shop,
          biasface_ghost_orc_armoury
D:8:      layout_cave_pools, minmay_lair_entry_grove, basic_altar,
          glass_columns_a, kb_lookout_dungeons_type, uniq_harold
D:9:      layout_cave_pools, kennysheep_mini, serial_gnoll_camp,
          gnoll_camp_mini_house, gnoll_camp_medium_01, gnoll_camp_huts_moat,
          gnoll_camp_mini_sergeant, gnoll_camp_medium_02, gnoll_camp_mini_hut,
          minmay_joined_circles
D:10:     layout_loops_cross, serial_rivers, chequers_serial_rivers_small_3,
          chequers_serial_rivers_small_b, chequers_serial_rivers_micro_a,
          chequers_serial_rivers_small_3, chequers_serial_rivers_small_b,
          chequers_serial_rivers_marsh, gammafunk_ghost_wrathful_warriors,
          lemuel_old_faithful, uniq_psyche
D:11:     hangedman_screamer, layout_cross, zombieorc1_lemuel, minmay_st_funbox,
          kennysheep_generic_room_6, uniq_erica
D:12:     layout_rooms, basic_altar, enter_trove_0, tgw_xom, uniq_urug
Temple:   nicolae_temple_x_marks_the_god
Lair:1:   layout_small_grid
Lair:2:   layout_small_grid, elwin_shoals_entry_rocks,
          spider_nest_entry_web_field, cheibrodos_lair_caveside_slide,
          nzn_masters_of_martial_movement
Lair:3:   layout_roguey
Lair:4:   layout_gridlike, special_room [special_room_bee],
          chequers_serial_rivers_micro_d, infiniplex_staircase_pool,
          grunt_megastairs_4, uniq_sonja
Lair:5:   layout_cave_shapes, gauntlet_entry_generic, gammafunk_lair_bear_cave,
          uniq_nessos
Lair:6:   hangedman_lair_tendril_chambers, layout_small_grid,
          hangedman_lair_caniforms_friends, minmay_slime_entry_pillars,
          gammafunk_ghost_berserking_beasts, nzn_sisyphean_effort,
          uniq_josephine

Skill      XL: |  1  2  3  4  5  6  7  8  9 10 11 12 13 14 15 |
---------------+----------------------------------------------+-----
Axes           | 3 4 5 6 8 9 11 12 16 18 | 18.6
Fighting       | 5 7 10 11 12 | 12.7
Armour         | 5 8 10 11 12 | 12.7
Shields        | 5 7 9 10 11 | 11.9
Evocations     | 1 7 9 |  9.6
Throwing       | 6 9 |  9.5

Action                   |  1- 3 |  4- 6 |  7- 9 | 10-12 | 13-15 || total
-------------------------+-------+-------+-------+-------+-------++-------
Melee: War axe           |    96 |    26 |       |       |       ||   122
       Headbutt          |     7 |    16 |    46 |   217 |   207 ||   493
       Hand axe          |       |    98 |   228 |   710 |    26 ||  1062
       Broad axe         |       |       |       |       |   747 ||   747
Throw: Stone             |    57 |    68 |    41 |    48 |       ||   214
       Dart              |       |       |       |   164 |    85 ||   249
       Boomerang         |       |       |       |    92 |    41 ||   133
       Javelin           |       |       |       |       |    71 ||    71
Invok: Curse Item        |       |       |     4 |       |       ||     4
 Abil: Evoke Invisibilit |       |       |       |       |     1 ||     1
Evoke: Wand              |       |       |     3 |    34 |    27 ||    64
       Box of beasts     |       |       |       |       |     5 ||     5
  Use: Potion            |       |     2 |     1 |     2 |     1 ||     6
       Scroll            |       |     4 |    10 |    13 |     9 ||    36
 Stab: Paralysed         |       |       |       |     9 |     4 ||    13
       Invisible         |       |       |       |       |     5 ||     5
Armor: Scale mail        |     8 |       |       |       |       ||     8
       Chain mail        |    65 |    59 |    67 |   110 |       ||   301
       Plate armour      |       |       |       |    70 |   303 ||   373
       Skin              |       |       |       |     4 |       ||     4
Dodge: Dodged            |    22 |    20 |    44 |    89 |   132 ||   307
Block: Kite shield       |    55 |    54 |   174 |   565 |   691 ||  1539
       Reflection        |       |       |    11 |    97 |    16 ||   124
